 Dungeon Crawl Stone Soup version 0.19.0-18-g426998a (webtiles) character file.

39 Madoushi the Sneak (level 3, 0/18 HPs)
             Began as a Vine Stalker Assassin on Nov 12, 2016.
             Slain by a quokka (1 damage)
             ... on level 3 of the Dungeon.
             The game lasted 00:07:41 (851 turns).

Madoushi the Sneak (Vine Stalker Assassin)           Turns: 851, Time: 00:07:42

Health: 0/18       AC:  6    Str: 13    XL:     3   Next: 45%
Magic:  0/4        EV:  7    Int: 11    God:
Gold:   44         SH:  0    Dex: 16    Spells: 1 memorised, 1 level left

rFire  . . .     SeeInvis .     a - +2 dagger
rCold  . . .     Gourm    .     l - +0 ring mail (curse)
rNeg   . . .     Faith    .     (no shield)
rPois  .         Spirit   +     (no helmet)
rElec  .         Reflect  .     d - +0 cloak
rCorr  .         Harm     .     (no gloves)
MR     .....                    (no boots)
Stlth  +++.......               (no amulet)
                                (no ring)
                                i - -2 ring of slaying (curse)

@: lethally poisoned (0 -> -14), constricted
A: fangs 2, magic shield, antimagic bite, no device heal 3, rot immunity
a: no special abilities


You were on level 3 of the Dungeon.
You were full.

You visited 1 branch of the dungeon, and saw 3 of its levels.

You collected 44 gold pieces.

Inventory:

Hand Weapons
 a - a +2 dagger (weapon)
 b - a +0 blowgun
 j - a +0 dagger
 k - a +0 dagger
 m - a +0 dagger
 q - a +0 war axe
Missiles
 e - 17 poisoned needles
 f - 2 curare-tipped needles
 h - 29 stones (quivered)
Armour
 c - a +0 robe
 d - a +0 cloak (worn)
 l - a cursed +0 ring mail (worn)
 p - a +0 chain mail
Jewellery
 i - a cursed -2 ring of slaying (left hand)
Books
 n - a book of Cantrips

   Spells                             Type                      Level
   a - Confusing Touch                Hexes                        1
   b - Animate Skeleton               Necromancy                   1
   c - Summon Small Mammal            Summoning                    1
   d - Apportation                    Translocation                1
Comestibles
 g - a bread ration


   Skills:
 + Level 2.0 Fighting
 + Level 2.1 Short Blades
 + Level 1.8 Throwing
 + Level 1.0 Dodging
 + Level 5.8 Stealth


You had one spell level left.
You knew the following spells:

 Your Spells              Type           Power        Failure   Level  Hunger
a - Summon Small Mammal   Summ           #...         78%         1    ##.....


Dungeon Overview and Level Annotations

Branches:
Dungeon (3/15)

Altars:


Innate Abilities, Weirdness & Mutations

You have extremely sharp teeth.
When hurt, damage is shared between your health and your magic reserves.
Your bite disrupts and absorbs the magic of your enemies.
Potions and wands cannot restore your health.
You are immune to rotting.


Message History

* * * LOW HITPOINT WARNING * * *
You feel sick. The bat hits you but does no damage. The adder bites you.
* * * LOW HITPOINT WARNING * * *
You are more poisoned.
The adder poisons you! The orc hits you but does no damage.
The ball python bites you but does no damage.
* * * LOW HITPOINT WARNING * * *
The ball python constricts you.
You hit the orc. Your bite misses the orc.
The orc is heavily wounded.
The adder bites you.
* * * LOW HITPOINT WARNING * * *
You are more poisoned.
The adder poisons you!
The quokka bites you but does no damage.
The orc hits you but does no damage.
The ball python bites you but does no damage.
The ball python constricts you. The adder bites you but does no damage.
The bat hits you but does no damage. The quokka bites you.
You die...

..... .# .....######.
#.# .......#... #.#
##.......... #.#
##.......)..? ###.##
#.......[.... #....#
##.bor........ #....#
#...@S........
#....###.#.†S........
#....<...##.....$....
#....######......#...
#....# #.#...## #
#....# ....### ######
#....# #...## #...#


You could see an adder, an orc, a quokka, a bat and a ball python.

Vanquished Creatures
  An adder (D:2)
  2 leopard geckos
  A bat (D:3)
  2 giant cockroaches
  5 goblins
  4 hobgoblins (D:2)
  A quokka (D:2)
  A kobold (D:2)
  3 rats
20 creatures vanquished.

Vanquished Creatures (collateral kills)
  An ooze (D:2)
  A rat (D:2)
2 creatures vanquished.

Grand Total: 22 creatures vanquished

Notes
Turn   | Place    | Note
-------+----------+-------------------------------------------
     0 | D:1      | Madoushi the Vine Stalker Assassin began the quest for the Orb.
     0 | D:1      | Reached XP level 1. HP: 11/11 MP: 2/2
   155 | D:1      | Reached skill level 5 in Stealth
   272 | D:2      | Reached XP level 2. HP: 13/15 MP: 3/3
   319 | D:2      | Learned a level 1 spell: Animate Skeleton
   387 | D:2      | Reached skill level 1 in Dodging
   446 | D:2      | Reached XP level 3. HP: 8/18 MP: 4/4
   615 | D:2      | Learned a level 1 spell: Summon Small Mammal
   851 | D:3      | Slain by a quokka

Skill      XL: |  1  2  3 |
---------------+----------+-----
Stealth        | 5 |  5.8
Short Blades   | 2 |  2.1
Dodging        | 1 |  1.0
Fighting       | 2 |  2.0
Throwing       | |  1.8

Action                   || total
-------------------------++-------
Melee: Dagger            ||    69
       Bite              ||    10
 Cast: Animate Skeleton  ||     1
  Use: Scroll            ||     3
       Potion            ||     1
 Stab: Sleeping          ||     3
  Eat: Bread ration      ||     1
Armor: Robe              ||    10
       Ring mail         ||    29
Dodge: Dodged            ||    29
